AoeStats
← Buho_Metalero

Arabian Desert

509804714Analyzed
1v1 RM · 3d ago on Sep 28, 2026· 54m 12s· 2 players
Game mode
Random Map
Map size
Tiny (2 player)
Population
200
Speed
Normal
Resources
Standard
Victory
Conquest
Starting age
Dark Age
Ending age
Imperial Age
RankedLock teamsTeams togetherTeam positionsShared explorationLock speedFull tech treeHidden civsTurbo modeCheats
Victory
Defeat
🇨🇱 Mapuche · Chile
1347
+13
🇳🇴 Teutons · Norway
1288
-13
Krypto
7:02 Loom
9:34 Feudal Age
10:06 Double-Bit Axe
15:23 Fletching
17:59 Wheelbarrow
23:36 Gold Mining
39:49 Castle Age
40:44 Hand Cart
40:28 Bodkin Arrow
40:52 Bow Saw
41:04 Guard Tower
42:30 Padded Archer Armor
43:04 Ballistics
43:02 Bloodlines
46:04 Leather Archer Armor
46:55 Stone Mining
48:08 Town Watch
48:38 Masonry
48:37 Scale Barding Armor
52:24 Crossbowman
Buho_Metalero
2:34 Loom
10:20 Feudal Age
10:47 Town Watch
10:57 Double-Bit Axe
14:52 Wheelbarrow
18:10 Castle Age
17:20 Fletching
18:58 Bodkin Arrow
37:13 Horse Collar
40:39 Forging
41:31 Town Patrol
41:47 Hand Cart
42:17 Sanctity
42:41 Fervor
46:51 Imperial Age
46:57 Imperial Age
46:40 Ballistics
47:19 Iron Casting
46:47 Murder Holes
49:52 Blast Furnace
50:59 Elite Kona
53:08 Conscription
Connection lost

Rejoining the realm…

Still unreachable

The connection could not be restored.

Session expired

The server has moved on; the page needs a fresh start.